 Dungeon Crawl Stone Soup version 0.32-a0-460-gc8eefc90e7 (webtiles) character file.

Game seed: 5118397079730894389

10642 shlyop the Carver (level 11, -16/77 HPs)
             Began as an Octopode Wanderer on Feb 24, 2024.
             Was a Priest of Yredelemnul.
             Killed from afar by a hell hound (20 damage)
             ... with a blast of flame
             ... in a Gauntlet.
             The game lasted 00:16:52 (9851 turns).

shlyop the Carver (Octopode Wanderer)               Turns: 9851, Time: 00:16:53

Health: -16/77     AC:  3    Str: 13    XL:     11   Next: 65%
Magic:  12/13      EV: 18    Int: 16    God:    Yredelemnul [***...]
Gold:   80         SH: 10    Dex: 20    Spells: 2/10 levels left

rFire   . . .        y - +4 rapier "Hawnerghuchiu" {heavy, rElec rC+ Int+3}
rCold   + . .        K - +0 kite shield
rNeg    + . .        c - +2 hat
rPois   .            z - amulet of Duegiamydgh {Acrobat ^Fragile rN+ Str+4}
rElec   +            (no ring)
rCorr   .            (no ring)
SInv    .            (no ring)
Will    .....        (no ring)
Stlth   +++++        (no ring)
HPRegen 0.32/turn    (no ring)
MPRegen 0.13/turn    (no ring)
                     (no ring)

%: no teleportation, acrobat
@: on berserk cooldown, slowed, wreathed by umbra, very slow
A: almost no armour, amphibious, 8 rings, camouflage 1, gelatinous body 1,
(nimble swimmer 1), tentacles
a: Renounce Religion, Light the Black Torch, Recall Undead Harvest, Hurl
Torchlight


You were in a Gauntlet.
You worshipped Yredelemnul.
Yredelemnul was noncommittal.
You visited 1 branch of the dungeon, and saw 11 of its levels.
You also visited: Gauntlet.

You collected 634 gold pieces.
You spent 554 gold pieces at shops.

Inventory:

Hand Weapons
 a - a +2 short sword
 b - a +0 sling
 r - a +0 trident of freezing
 y - the +4 rapier "Hawnerghuchiu" (weapon) {heavy, rElec rC+ Int+3}
   (You found it on level 3 of the Dungeon)

   Int+3:     It affects your intelligence (+3).
   rC+:       It protects you from cold.
   rElec:     It insulates you from electricity.
 B - a +0 great sword
 F - a +3 falchion
 L - a +2 dagger of distortion
Armour
 c - a +2 hat (worn)
 K - a +0 kite shield (worn)
Jewellery
 f - an amulet of guardian spirit
 z - the amulet of Duegiamydgh (around mantle) {Acrobat ^Fragile rN+ Str+4}
   (You found it on level 3 of the Dungeon)

   [amulet of the acrobat]

   Acrobat:   It increases your evasion while moving and waiting.
   Str+4:     It affects your strength (+4).
   rN+:       It protects you from negative energy.
   ^Fragile:  It will be destroyed if unequipped.
 C - a ring of ice
 J - the Hermit's Pendant {Faith Invo=14 Evo=0 MP+5}
   (You found it on level 10 of the Dungeon)

   [amulet of faith]

   Invo=14: It sets your Invocations skill to 14.
   Evo=0: It sets your Evocations skill to 0.
   Faith:     It allows you to gain divine favour quickly.
   MP+5:      It affects your magic capacity (+5).
Wands
 w - a wand of charming (18)
 D - a wand of roots (6)
 H - a wand of flame (12)
 I - a wand of polymorph (2)
Scrolls
 d - a scroll of blinking {@r4}
 h - 4 scrolls of teleportation {@r3}
 i - a scroll of immolation
 o - 2 scrolls of vulnerability
 p - a scroll of revelation
 q - 2 scrolls of fog
 s - 2 scrolls of noise
 A - 4 scrolls of poison
Potions
 e - 7 potions of curing {@q1}
 g - 5 potions of resistance {@q5}
 j - 3 potions of degeneration {unknown}
 k - 4 potions of haste {unknown}
 l - 5 potions of berserk rage
 m - 4 potions of heal wounds {unknown}
 n - 2 potions of lignification
 t - 4 potions of brilliance
 u - a potion of might {@q3}
 v - a potion of enlightenment
 x - 2 potions of invisibility
 E - 2 potions of attraction {unknown}
 G - 3 potions of magic {unknown}
Miscellaneous
 M - a phial of floods


   Skills:
 - Level 8.1 Fighting
 - Level 2.0(7.7) Short Blades
 + Level 11.8 Long Blades
 - Level 2.0 Ranged Weapons
 + Level 10.7 Dodging
 - Level 2.0 Stealth
 + Level 2.7 Shields
 - Level 3.0 Invocations
 * Level 2.7 Evocations


You had 2 spell levels left.
You knew the following spells:

 Your Spells              Type           Power      Damage    Failure   Level
a - Borgnjor's Vile Clut  Necr/Erth      0%         N/A       100%        5
b - Ozocubu's Armour      Ice            0%         N/A       95%         3

Your spell library contained the following spells:

 Spells                   Type           Power      Damage    Failure   Level
 Freeze                   Ice            0%         1d3       67%         1
 Frozen Ramparts          Ice            0%         1d1       95%         3
 Fugue of the Fallen      Necr           0%         N/A       95%         3
 Gell's Gravitas          Tloc           0%         N/A       95%         3
 Hailstorm                Conj/Ice       0%         3d5       95%         3
 Teleport Other           Tloc           0%         N/A       95%         3
 Cause Fear               Hex            0%         N/A       100%        4
 Manifold Assault         Tloc           0%         N/A       100%        4
 Fireball                 Conj/Fire      0%         3d3       100%        5
 Dispersal                Tloc           0%         N/A       100%        6
 Dragon's Call            Summ           0%         N/A       100%        9
 Animate Dead             Necr           Unusable   N/A       N/A         4
 Death Channel            Necr           Unusable   N/A       N/A         6

Dungeon Overview and Level Annotations

Branches:
Dungeon (11/15) Zot: 26922    Lair (0/5) D:9             Orc (0/2) D:9
Gauntlet (1/1) Zot: 5340
 Temple: D:4-7

Altars:
Dithmenos
Elyvilon
Fedhas
Makhleb
Nemelex Xobeh
Okawaru
Yredelemnul
Zin
The Shining One

Shops:
D:1 :?   D:4 *   D:9 [   D:10 [![=

Annotations:
D:7 Maurice Gauntlet 13 transporters, 16 runed translucent doors, exclusion: oklob plant


Innate Abilities, Weirdness & Mutations

You cannot wear most types of armour.
You are amphibious.
You can wear up to eight rings at the same time.
Your skin changes colour to match your surroundings (Stealth+).
Your rubbery body absorbs attacks. (AC +1, EV +1)
((You are camouflaged when in or above water. (Stealth+)))
You have tentacles for arms and can constrict up to eight enemies at once.


Message History

The efreet gestures at you.
The fireball explodes!
The fireball engulfs the hell hound but does no damage.
The fireball engulfs the efreet.
The efreet completely resists.
The fireball engulfs the hell hound.
The hell hound completely resists.
The fireball engulfs you!!
* * * LOW HITPOINT WARNING * * *
The fireball engulfs your wolf zombie!!
Your wolf zombie is destroyed!
The hell hound misses you. The hell hound bites you!
* * * LOW HITPOINT WARNING * * *
You hit the hell hound. Your grab misses the hell hound.
Your squeeze misses the hell hound.
Your wolf zombie bites the hell hound.
The hell hound bites you.
* * * LOW HITPOINT WARNING * * *
The hell hound closely misses you. The efreet gestures at you.
The fireball explodes!
The fireball engulfs the hell hound.
The hell hound completely resists.
The fireball engulfs the efreet but does no damage.
The fireball engulfs the hell hound.
The hell hound completely resists.
The fireball engulfs you!!
* * * LOW HITPOINT WARNING * * *
The fireball engulfs your wolf zombie!!
Your wolf zombie is destroyed!
The hell hound breathes flames at you. The blast of flame misses you.
The hell hound bites you but does no damage.
You block the hell hound's attack. x2
Okay, then.
Blink to where?
Press: ? - help, Dir - move target
As you read the scroll of blinking {@r4}, it crumbles to dust.
Your wolf zombie bites the hell hound.
The hell hound breathes flames at you.
The blast of flame hits your wolf zombie!!
Your wolf zombie is destroyed!
The blast of flame hits you!!
You die...
Your body rises from the dead as a mindless zombie.

#ß# #ß# #ß#..#.#.##...##.#.#.#.
#############..#.#.........#.#...
#..............#.################
#..............#.#≈§ß≈≈#©........
...#############.################
...#©...........©...........©#≈≈≈
#################################
...^...33#.#..+.©.+..#.#..#.##..#
.#^#.#.#^#.#..+.@.+..#.###..#.##.
..#^#.#..#.#++#+#'#++#.##.##.##p©
.#.#.#.#.#.#..+...'..#.##...#..#.
..#^©.#..#.#..+...'Z.#.##p###P##.
.#^#.#.#.#.#++#...#§Z#.#YY.####..
..#^#^#.3#.#..#+++#hh#.##Y####..#
^#.#.#.#^#.#......○R.#.#Y.##.#?#.
.^[.©?$..#.#..?[©[...#.##.=p©[#.#
##########.###########.##########


You could see an efreet, 2 hell hounds, a friendly wolf zombie and a friendly
swamp worm zombie.

Vanquished Creatures
  3 two-headed ogres
  A cyclops (D:11)
  A moth of wrath (Gauntlet)
  A gargoyle (D:11)
  A hornet (D:10)
  A wraith (D:9)
  8 yaks (D:10)
  A warg (D:9)
  A steam dragon (D:7)
  Eustachio (D:4)
  2 fire elementals (Gauntlet)
  A swamp worm (Gauntlet)
  An acid dragon (D:10)
  A water moccasin (D:6)
  2 black bears
  2 orc warriors
  6 wolves
  2 centaurs
  3 bullfrogs
  2 kobold brigands (D:9)
  A gnoll sergeant (D:10)
  2 scorpions
  4 wights
  3 killer bees (D:9)
  A howler monkey (D:5)
  5 hounds
  A jelly (D:8)
  2 orc priests
  3 sleepcaps (D:5)
  Ijyb (D:4)
  An iguana (D:5)
  6 orc wizards
  4 gnolls
  6 adders
  A shadow imp (D:8)
  A white imp (D:5)
  3 ribbon worms
  3 dart slugs
  16 orcs
  6 endoplasms
  4 giant cockroaches
  4 goblins
  7 hobgoblins
  4 jackals (D:5)
  4 quokkas
  4 ball pythons
  4 bats
  3 frilled lizards
  15 kobolds
  4 rats
164 creatures vanquished.

Vanquished Creatures (collateral kills)
  2 komodo dragons (D:9)
  A troll (D:10)
  2 yaks (D:10)
  A swamp worm (Gauntlet)
  A hell hound (Gauntlet)
  A water moccasin (D:8)
  An orc warrior (D:7)
  3 black bears
  An ogre (D:6)
  A wolf (Gauntlet)
  A kobold brigand (D:8)
  2 bullfrogs (D:9)
  3 scorpions
  2 wights (D:8)
  3 killer bees (D:9)
  A bombardier beetle (D:5)
  3 jellies
  An orc priest (D:7)
  2 iguanas (D:5)
  4 orc wizards
  4 gnolls
  An adder zombie (D:4)
  9 orcs
  A ball python (D:2)
  A hobgoblin (D:4)
  7 kobolds
  3 bats
62 creatures vanquished.

Vanquished Creatures (others)
  2 two-headed ogre zombies (D:10)
  A komodo dragon zombie (D:9)
  2 yak zombies (D:10)
  3 wolf zombies (Gauntlet)
  A centaur zombie (D:8)
  3 bullfrog zombies
  2 scorpion zombies
  An acid dragon zombie (D:10)
  A killer bee zombie (D:9)
  An ogre zombie (D:6)
  A hound zombie (D:6)
  A steam dragon zombie (D:7)
  6 orc zombies
  An orc (D:8)
  A bat zombie (D:2)
  4 gnoll zombies
  A hobgoblin zombie (D:4)
  4 kobold zombies
36 creatures vanquished.

Grand Total: 262 creatures vanquished

Notes
Turn   | Place    | Note
-------+----------+-------------------------------------------
     0 | D:1      | shlyop the Octopode Wanderer began the quest for the Orb.
     0 | D:1      | shlyop set off with the following items: a +2 short sword,
                  | a +0 sling, a +0 hat, a scroll of blinking {@r4}.
     0 | D:1      | Reached XP level 1. HP: 13/13 MP: 1/1
    96 | D:1      | Reached skill level 1 in Stealth
    98 | D:1      | Found Boraum Nimu's Weapon Emporium.
    99 | D:1      | Found Xufri's Magic Scroll Emporium.
   261 | D:1      | Reached XP level 2. HP: 18/18 MP: 2/2
   305 | D:1      | Found Jifog Ewke's Book Emporium.
   658 | D:2      | Reached XP level 3. HP: 25/25 MP: 3/3
   703 | D:2      | Found a faded altar of an unknown god.
   717 | D:2      | Prayed at the altar of an unknown god.
   717 | D:2      | Became a worshipper of Yredelemnul the Fallen
   717 | D:2      | Reached * piety under Yredelemnul
   895 | D:2      | Reached XP level 4. HP: 30/31 MP: 4/4
  1457 | D:3      | You fall into a shaft and drop 3 floors!
  1520 | D:6      | Noticed a scorpion
  1525 | D:6      | Killed a scorpion
  1526 | D:6      | Reached XP level 5. HP: 38/38 MP: 5/5
  1552 | D:6      | Noticed an ogre
  1558 | D:6      | Killed an ogre
  1559 | D:6      | Reached skill level 5 in Fighting
  1613 | D:6      | Noticed a black bear
  1620 | D:6      | Killed a black bear
  1621 | D:6      | Reached XP level 6. HP: 46/46 MP: 6/6
  1834 | D:6      | Reached ** piety under Yredelemnul
  1835 | D:6      | Reached XP level 7. HP: 33/53 MP: 5/7
  1914 | D:5      | Entered Level 5 of the Dungeon
  2293 | D:5      | Reached skill level 5 in Dodging
  2329 | D:5      | Reached XP level 8. HP: 61/61 MP: 8/8
  2721 | D:5      | Reached skill level 1 in Invocations
  3053 | D:4      | Found Qoepn's General Store.
  3056 | D:4      | Noticed Eustachio
  3067 | D:4      | Killed Eustachio
  3228 | D:4      | Noticed Ijyb
  3244 | D:4      | Killed Ijyb
  3671 | D:3      | Identified the +4 rapier "Hawnerghuchiu" {heavy, rElec rC+
                  | Int+3}
  3745 | D:3      | Identified the amulet of Duegiamydgh {Acrobat ^Fragile rN+
                  | Str+4}
  3761 | D:3      | Found a white marble altar of Elyvilon.
  3761 | D:3      | Found a basalt altar of Yredelemnul.
  3761 | D:3      | Found an iron altar of Okawaru.
  3761 | D:3      | Found a glowing golden altar of the Shining One.
  3875 | D:3      | Reached *** piety under Yredelemnul
  3951 | D:3      | Found a glowing silver altar of Zin.
  3951 | D:3      | Found a burning altar of Makhleb.
  4257 | D:1      | Bought a scroll of blinking for 90 gold pieces
  4257 | D:1      | Bought a scroll of enchant armour for 90 gold pieces
  4257 | D:1      | Bought a scroll of identify for 24 gold pieces
  4257 | D:1      | Bought a scroll of revelation for 90 gold pieces
  4443 | D:6      | Reached skill level 1 in Long Blades
  4445 | D:6      | Reached skill level 2 in Long Blades
  4492 | D:6      | Reached skill level 3 in Long Blades
  4945 | D:7      | Reached skill level 4 in Long Blades
  4945 | D:7      | Reached XP level 9. HP: 66/66 MP: 11/11
  5124 | D:7      | Found a sparkling altar of Nemelex Xobeh.
  5148 | D:7      | Reached skill level 5 in Long Blades
  5470 | D:7      | Found a blossoming altar of Fedhas.
  5565 | D:7      | Noticed Maurice
  5837 | D:8      | Reached skill level 6 in Long Blades
  6474 | D:8      | Learned a level 5 spell: Borgnjor's Vile Clutch
  6550 | D:9      | Found Oweffashua's Antique Armour Shoppe.
  6550 | D:9      | Noticed a komodo dragon
  6556 | D:9      | Reached skill level 7 in Long Blades
  6565 | D:9      | Killed a komodo dragon
  6566 | D:9      | Reached XP level 10. HP: 65/72 MP: 12/12
  6582 | D:9      | Found a staircase to the Lair.
  6593 | D:9      | Reached skill level 8 in Long Blades
  6598 | D:9      | Noticed a two-headed ogre
  6610 | D:9      | Killed a two-headed ogre
  6613 | D:9      | Reached skill level 9 in Long Blades
  7000 | D:9      | Reached **** piety under Yredelemnul
  7345 | D:9      | Found a staircase to the Orcish Mines.
  7675 | D:10     | Entered Level 10 of the Dungeon
  7689 | D:10     | Found Uvaj's Distillery.
  7697 | D:10     | Bought a potion of might for 52 gold pieces
  7697 | D:10     | Bought a potion of invisibility for 104 gold pieces
  7697 | D:10     | Bought a potion of invisibility for 104 gold pieces
  7700 | D:10     | Noticed a two-headed ogre
  7706 | D:10     | Killed a two-headed ogre
  7707 | D:10     | Reached skill level 10 in Long Blades
  7730 | D:10     | Found Seizyh's Jewellery Shop.
  7799 | D:10     | Found Dafest Pugi's Armour Emporium.
  7828 | D:10     | Noticed a two-headed ogre
  8081 | D:10     | Killed a two-headed ogre
  8082 | D:10     | Reached skill level 10 in Dodging
  8082 | D:10     | Reached XP level 11. HP: 57/77 MP: 8/13
  8146 | D:10     | Found the Hermit's Pendant {Faith Invo=14 Evo=0 MP+5}
  8306 | D:10     | Reached skill level 11 in Long Blades
  8382 | D:10     | Found Weubruibb's Armour Boutique.
  8739 | D:10     | Found a shadowy altar of Dithmenos.
  9130 | D:10     | Learned a level 3 spell: Ozocubu's Armour
  9144 | D:11     | Reached skill level 1 in Shields
  9172 | D:11     | Noticed a boulder beetle
  9186 | D:11     | Noticed a cyclops
  9191 | D:11     | Found a gate leading to a gauntlet.
  9198 | D:11     | Killed a cyclops
  9209 | Gauntlet | Entered a Gauntlet
  9209 | Gauntlet | Found a transporter.
  9217 | Gauntlet | Noticed an oklob plant
  9222 | Gauntlet | Found a transporter.
  9233 | Gauntlet | Found a transporter.
  9236 | Gauntlet | Noticed a dire elephant
  9238 | Gauntlet | Found a transporter.
  9253 | Gauntlet | Found a transporter.
  9272 | Gauntlet | Found a transporter.
  9282 | Gauntlet | Noticed a death yak
  9284 | Gauntlet | Found a transporter.
  9284 | Gauntlet | Noticed a death yak
  9285 | Gauntlet | Noticed a death yak
  9290 | Gauntlet | Noticed a death yak
  9292 | Gauntlet | Noticed a death yak
  9296 | Gauntlet | Found a transporter.
  9297 | Gauntlet | Noticed a necromancer
  9299 | Gauntlet | Noticed a death yak
  9299 | Gauntlet | Noticed a death yak
  9300 | Gauntlet | Noticed a death yak
  9301 | Gauntlet | Noticed a death yak
  9304 | Gauntlet | Found a large runed translucent door.
  9305 | Gauntlet | Found a large runed translucent door.
  9306 | Gauntlet | Found a large runed translucent door.
  9306 | Gauntlet | Found a large runed translucent door.
  9307 | Gauntlet | Found a runed translucent gate.
  9308 | Gauntlet | Found a transporter.
  9308 | Gauntlet | Found a runed translucent gate.
  9309 | Gauntlet | Found a runed translucent gate.
  9310 | Gauntlet | Found a large runed translucent door.
  9310 | Gauntlet | Found a large runed translucent door.
  9311 | Gauntlet | Found a large runed translucent door.
  9312 | Gauntlet | Found a large runed translucent door.
  9320 | Gauntlet | Found a transporter.
  9320 | Gauntlet | Noticed a sixfirhy
  9324 | Gauntlet | Noticed a sixfirhy
  9337 | Gauntlet | Found a transporter.
  9351 | Gauntlet | Found a large runed translucent door.
  9352 | Gauntlet | Found a large runed translucent door.
  9353 | Gauntlet | Found a large runed translucent door.
  9353 | Gauntlet | Found a large runed translucent door.
  9354 | Gauntlet | Found a runed translucent door.
  9355 | Gauntlet | Found a transporter.
  9356 | Gauntlet | Found a runed translucent door.
  9357 | Gauntlet | Found a large runed translucent door.
  9357 | Gauntlet | Found a transporter.
  9357 | Gauntlet | Found a large runed translucent door.
  9358 | Gauntlet | Found a large runed translucent door.
  9359 | Gauntlet | Noticed a moth of wrath
  9386 | Gauntlet | Found a transporter.
  9404 | Gauntlet | Found a transporter.
  9406 | Gauntlet | Found a transporter.
  9484 | Gauntlet | Found a transporter.
  9697 | Gauntlet | Found a transporter.
  9711 | Gauntlet | Found a large runed translucent door.
  9719 | Gauntlet | Killed a moth of wrath
  9850 | Gauntlet | HP: 3/77 [efreet/fireball (19)]
  9851 | Gauntlet | Killed from afar by a hell hound

Illustrated notes

Levels and vault maps discovered:
D:1:      matt_arrival_refuge, layout_loops_ring, serial_shops, shop, shop, shop
D:2:      layout_loops_ring, shapermc_ecumenical_altar_mp_ritualfount,
          hangedman_decor_diamond_cutter
D:3:      layout_basic, grunt_temple_overflow_order_and_chaos_2,
          chequers_temple_overflow_statue_of_worship
D:4:      layout_basic, serial_shops, shop, serial_bayou_pond_b, uniq_eustachio,
          uniq_ijyb
D:5:      layout_basic, minmay_starry_boxes
D:6:      layout_loops_ring
D:7:      layout_cave_pools, fedhas_ov_isle_minmay,
          nemelex_xobeh_ov_fountains_minmay, minmay_temple_entry_glassed_door,
          kennysheep_crisscross, minmay_misc_feat_rugged, uniq_maurice
D:8:      layout_basic, serial_corexii_hall, chequers_hall_statues_wall_a,
          corexii_hall_statues_i
D:9:      layout_loops_cross, grunt_lair_entry_orc_guard_hut,
          minmay_orc_entry_guard_dogs, serial_shops, shop, minmay_liquid_box
D:10:     layout_stronghold, grunt_dithmenos_smoke, serial_shops, shop,
          nicolae_shop_tiny_waterfront, nicolae_shop_stone,
          nicolae_shop_gibbet_a_chance, kennysheep_generic_room_10
D:11:     layout_roguey, gauntlet_entry_generic
Gauntlet: gammafunk_gauntlet_one_two_three [nicolae_gauntlet_arena_grate_2,
          gammafunk_gauntlet_arena_corners,
          gammafunk_gauntlet_arena_split_diamond, gammafunk_gauntlet_arena_grid,
          minmay_gauntlet_arena_make_your_own_arena,
          gammafunk_gauntlet_arena_mazey, gammafunk_gauntlet_arena_arrow_garden,
          nicolae_gauntlet_arena_x, nicolae_gauntlet_arena_t_cross,
          gauntlet_exit_green]

Skill      XL: |  1  2  3  4  5  6  7  8  9 10 11 |
---------------+----------------------------------+-----
Stealth        | 1 2 |  2.0
Fighting       | 2 3 4 6 8 |  8.1
Dodging        | 5 7 8 10 | 10.7
Invocations    | 3 |  3.0
Long Blades    | 4 7 10 11 | 11.8
Shields        | 2 |  2.7
Evocations     | 2 |  2.7
Short Blades   | |  2.0
Ranged Weapons | |  2.0

Action                     |  1- 3 |  4- 6 |  7- 9 | 10-12 || total
---------------------------+-------+-------+-------+-------++-------
  Melee: Short sword       |    52 |    40 |   100 |       ||   192
         Constrict         |    10 |     9 |    38 |    19 ||    76
         Tentacles         |     3 |     9 |    39 |    31 ||    82
         Rapier            |       |       |    61 |   139 ||   200
  Throw: Throwing net      |       |       |       |     1 ||     1
 Invoke: Light the Black T |     1 |     1 |     6 |     1 ||     9
         Recall Undead Har |       |     1 |     3 |     5 ||     9
         Hurl Torchlight   |       |       |     4 |     6 ||    10
  Evoke: Wand              |       |       |       |     2 ||     2
    Use: Scroll            |       |       |     8 |     9 ||    17
         Potion            |       |       |       |     1 ||     1
   Stab: Sleeping          |    13 |     4 |    18 |     5 ||    40
         Distracted        |     1 |       |     4 |       ||     5
 Armour: Skin              |    13 |     7 |    48 |    68 ||   136
  Dodge: Dodged            |    22 |    22 |   154 |   146 ||   344
  Block: Kite shield       |       |       |       |    22 ||    22

Table legend: (Time is in decaauts)
 A = Elapsed time spent in this place.
 B = Non-inter-level travel time spent in this place.
 C = Inter-level travel time spent in this place.
 D = Time resting spent in this place.
 E = Time spent auto-exploring this place.
 F = Levels seen in this place.
 G = Mean time per level.
                   A        B        C        D        E       F      G
               +--------+--------+--------+--------+--------+-----+--------+
         Total |   9914 |   9504 |    410 |   1481 |   6101 |  12 |  826.2 |
       Dungeon |   9255 |   8845 |    410 |   1284 |   5856 |  11 |  841.4 |
      Gauntlet |    658 |    658 |      0 |    196 |    245 |   1 |  658.0 |
               +--------+--------+--------+--------+--------+-----+--------+

Top non-repeatable levels by time:
    D:10: 1476 daAuts
     D:9: 1143 daAuts
     D:6: 1020 daAuts
     D:5: 968 daAuts
     D:8: 960 daAuts
     D:2: 816 daAuts
     D:4: 757 daAuts
     D:3: 696 daAuts
     D:7: 672 daAuts
     D:1: 667 daAuts
Gauntlet: 658 daAuts
    D:11: 77 daAuts
